AoeStats
← Guitencule

Oasis

508462463Analyzed
3v3 RM · 11d ago on Sep 22, 2026· 43m 6s· 6 players
Game mode
Random Map
Map size
Normal (6 player)
Population
200
Speed
Normal
Resources
Standard
Victory
Conquest
Starting age
Dark Age
Ending age
Imperial Age
RankedLock teamsTeams togetherTeam positionsShared explorationLock speedFull tech treeHidden civsTurbo modeCheats
Victory
Defeat
🇫🇷 Japanese · France
816
+9
🇫🇷 Malay · France
806
+9
🇫🇷 Danes · France
723
+12
🇹🇷 Byzantines · Türkiye
707
-12
🇺🇸 Tatars · United States
617
-9
🇬🇷 Teutons · Greece
606
-9
MetmusTR
14:27 Feudal Age
14:51 Horse Collar
22:00 Stone Mining
22:01 Gold Mining
24:15 Castle Age
22:05 Double-Bit Axe
25:35 Stone Shaft Mining
25:19 Bow Saw
28:10 Thumb Ring
Elentin
12:46 Feudal Age
14:38 Double-Bit Axe
17:33 Castle Age
24:13 Loom
24:45 Gambesons
27:52 Squires
30:15 Horse Collar
30:50 Bow Saw
31:27 Gold Mining
32:45 Stone Mining
34:21 Forging
34:19 Scale Barding Armor
35:25 Stone Shaft Mining
38:48 Imperial Age
36:57 Wheelbarrow
36:11 Town Watch
Tiger Eyes
0:32 Loom
11:25 Feudal Age
Alexaumax
9:42 Loom
13:18 Feudal Age
13:57 Double-Bit Axe
15:22 Man-at-Arms
17:14 Gold Mining
18:43 Horse Collar
19:42 Stone Mining
21:01 Wheelbarrow
25:18 Castle Age
26:45 Scale Barding Armor
27:52 Gold Shaft Mining
27:52 Stone Shaft Mining
27:37 Bow Saw
32:46 Treadmill Crane
34:22 Hand Cart
34:15 Pikeman
38:31 Elite Skirmisher
41:16 Ballistics
Guitencule
0:57 Loom
12:21 Feudal Age
12:30 Man-at-Arms
17:43 Wheelbarrow
16:54 Horse Collar
20:31 Arson
25:20 Town Watch
27:36 Castle Age
25:28 Double-Bit Axe
25:35 Gold Mining
27:46 Forging
27:26 Fletching
29:04 Hand Cart
28:58 Heavy Plow
29:11 Bow Saw
29:05 Caravan
29:08 Pikeman
29:34 Gambesons
31:52 Crossbowman
32:37 Squires
32:00 Elite Skirmisher
35:59 Thumb Ring
39:36 Town Patrol
40:14 Gold Shaft Mining
39:45 Scale Mail Armor
39:45 Padded Archer Armor
40:22 Iron Casting
39:43 Bodkin Arrow
44:24 Imperial Age
43:48 Ballistics
ELFIAKO
3:26 Loom
10:06 Feudal Age
10:32 Double-Bit Axe
10:31 Horse Collar
20:00 Castle Age
18:28 Stone Mining
19:56 Forging
19:50 Padded Archer Armor
24:13 Bow Saw
24:07 Heavy Plow
26:21 Gold Mining
32:23 Imperial Age
31:49 Wheelbarrow
33:13 Hand Cart
32:39 Hamask
34:07 Ballistics
34:26 Gold Shaft Mining
35:19 Conscription
35:08 Town Watch
37:58 Iron Casting
37:24 Scale Mail Armor
38:12 Town Patrol
39:16 Chemistry
40:50 Blast Furnace
39:42 Fletching
40:09 Chain Mail Armor
40:12 Leather Archer Armor
40:27 Cranequins
42:26 Heavy Mounted Crossbowman
Connection lost

Rejoining the realm…

Still unreachable

The connection could not be restored.

Session expired

The server has moved on; the page needs a fresh start.